AoeStats
← Hotsochu

Four Lakes

509678654Analyzed
1v1 RM · 3d ago on Sep 27, 2026· 47m 26s· 2 players
Game mode
Random Map
Map size
Tiny (2 player)
Population
200
Speed
Normal
Resources
Standard
Victory
Conquest
Starting age
Dark Age
Ending age
Imperial Age
RankedLock teamsTeams togetherTeam positionsShared explorationLock speedFull tech treeHidden civsTurbo modeCheats
Victory
Defeat
🇦🇷 Khmer · Argentina
868
+14
🇫🇮 Malians · Finland
824
-14
Hotsochu
9:53 Feudal Age
15:56 Castle Age
15:21 Forging
15:14 Scale Mail Armor
15:10 Stone Mining
15:24 Double-Bit Axe
20:38 Fletching
23:13 Squires
23:17 Fishing Lines
25:13 Bodkin Arrow
29:33 Gillnets
31:04 Iron Casting
33:39 Ballistics
37:26 Imperial Age
36:48 Scale Barding Armor
37:47 Bloodlines
37:47 Husbandry
38:03 Gold Mining
38:44 Conscription
38:59 Treadmill Crane
39:03 Cavalier
42:18 Farimba
44:45 Chain Barding Armor
cekiel aca t ala dilolio
0:39 Loom
11:19 Feudal Age
12:02 Double-Bit Axe
13:26 Horse Collar
20:10 Castle Age
18:29 Stone Mining
18:30 Gold Mining
20:27 Bloodlines
20:26 Scale Barding Armor
20:32 Forging
20:29 Fletching
20:39 Padded Archer Armor
26:37 Bodkin Arrow
28:54 Husbandry
33:05 Imperial Age
31:14 Bow Saw
31:06 Crossbowman
33:02 Wheelbarrow
33:40 Leather Archer Armor
34:15 Conscription
33:32 Arbalester
37:18 Chemistry
42:55 Iron Casting
42:21 Bracer
Connection lost

Rejoining the realm…

Still unreachable

The connection could not be restored.

Session expired

The server has moved on; the page needs a fresh start.